 Dungeon Crawl Stone Soup version 0.29-a0-194-g6e3aafee17 (webtiles) character file.

Game seed: 15426900293804528121

49 drugrobin the Poker (level 3, -2/29 HPs)
             Began as a Demigod Warper on Feb 22, 2022.
             Slain by a worm (8 damage)
             ... on level 2 of the Dungeon.
             The game lasted 00:04:34 (1579 turns).

drugrobin the Poker (Demigod Warper)                Turns: 1579, Time: 00:04:35

Health: -2/29      AC:  3    Str: 16    XL:     3   Next: 32%
Magic:  8/8        EV: 11    Int: 15    God:
Gold:   83         SH:  0    Dex: 13    Spells: 5/5 levels left

rFire   . . .      SeeInvis .   a - +0 spear
rCold   . . .      Faith    .   (no shield)
rNeg    . . .      Spirit   .   b - +0 leather armour
rPois   .          Reflect  .   (no helmet)
rElec   .          Harm     .   (no cloak)
rCorr   .          Rampage  .   (no gloves)
Will    .....                   (no boots)
Stlth   +.........              (no amulet)
HPRegen 0.09/turn               (no ring)
MPRegen 0.11/turn               (no ring)

@: no status effects
A: high MP 1, forlorn, divine attributes
a: no special abilities


You were on level 2 of the Dungeon.
You visited 1 branch of the dungeon, and saw 2 of its levels.

You collected 83 gold pieces.

Inventory:

Hand Weapons
 a - a +0 spear (weapon)
Missiles
 d - 5 boomerangs of dispersal
 h - 56 stones (quivered)
 m - 5 curare-tipped darts
Armour
 b - a +0 leather armour (worn)
Scrolls
 c - 2 scrolls of blinking
 e - a scroll of immolation {unknown}
 f - 2 scrolls of enchant weapon {unknown}
 g - a scroll of fear {unknown}
 l - a scroll of enchant armour {unknown}
Potions
 i - a potion of lignification {unknown}
 j - 2 potions of invisibility {unknown}
 k - 2 potions of might {unknown}
 n - 2 potions of curing {unknown}


   Skills:
 - Level 1.7 Fighting
 + Level 3.6 Polearms
 - Level 0.8 Throwing
 - Level 0.8 Armour
 - Level 1.7 Dodging
 - Level 1.7 Spellcasting
 - Level 2.6 Translocations


You had 5 spell levels left.
You didn't know any spells.
Your spell library contained the following spells:

 Spells                   Type           Power      Damage    Failure   Level
 Blink                    Tloc           18%        N/A       14%         2
 Gell's Gravitas          Tloc           9%         N/A       28%         3
 Lesser Beckoning         Tloc           9%         N/A       28%         3
 Teleport Other           Tloc           9%         N/A       28%         3
 Manifold Assault         Tloc           9%         N/A       95%         5


Dungeon Overview and Level Annotations

Branches:
Dungeon (2/15)


Innate Abilities, Weirdness & Mutations

You have an increased reservoir of magic. (+10% MP)
You shall have no god before yourself.
Your divine heritage dramatically boosts your attributes as you level up.


Message History

Press: ? - help, Dir - move target, f/p - worm
Aim: a worm (about 21% to evade your +0 spear)
You reach to attack!
You hit the worm.
The worm is moderately wounded.
Reach: a) +0 spear
Press: ? - help, Dir - move target, f/p - worm
Aim: a worm (moderately wounded, about 21% to evade your +0 spear)
You reach to attack!
You barely miss the worm.
The worm is moderately wounded.
Reach: a) +0 spear
Press: ? - help, Dir - move target, f/p - worm
Aim: a worm (moderately wounded, about 21% to evade your +0 spear)
You reach to attack!
You hit the worm.
The worm is heavily wounded.
Reach: a) +0 spear
Press: ? - help, Dir - move target, f/p - worm
Aim: a worm (moderately wounded, about 21% to evade your +0 spear)
You reach to attack!
You hit the worm.
The worm is heavily wounded.
Reach: a) +0 spear
Press: ? - help, Dir - move target, f/p - worm
Aim: a worm (heavily wounded, about 21% to evade your +0 spear)
You reach to attack!
You hit the worm.
The worm is severely wounded.
The worm bites you!
You barely miss the worm.
The worm is heavily wounded.
You barely miss the worm.
The worm is heavily wounded.
The worm completely misses you.
You completely miss the worm.
The worm is heavily wounded.
You hit the worm.
The worm is almost dead.
The worm bites you!
* * * LOW HITPOINT WARNING * * *
You hit the worm.
The worm is almost dead.
The worm bites you!
You die...

#############
#......)....#######
#..................
#.#########.#######
#######.#########......#
#.........w@.....#####.#####
#..####.########.# #......
#####..###.#.### #.# #..####
#......†..###..# #.# #..####
#...#..####.#.#.# #.#
###.....# ....... ##.##.#
#.# #....##.# #...#..#
#.##.# #.###.#####.#
##>##..#. #.##.# #.##...##
#.# #. #..#.###.##.#
#.......###.#


You could see a worm.

Vanquished Creatures
  An adder (D:2)
  2 dart slugs (D:1)
  2 endoplasms (D:1)
  2 giant cockroaches
  3 goblins (D:1)
  5 hobgoblins (D:1)
  3 jackals (D:1)
  2 ball pythons (D:1)
  5 bats (D:1)
  A frilled lizard (D:1)
  4 kobolds (D:1)
  3 rats
33 creatures vanquished.

Vanquished Creatures (others)
  2 demonic plants (D:1)
2 creatures vanquished.

Grand Total: 35 creatures vanquished

Notes
Turn   | Place    | Note
-------+----------+-------------------------------------------
     0 | D:1      | drugrobin the Demigod Warper began the quest for the Orb.
     0 | D:1      | Reached XP level 1. HP: 17/17 MP: 5/5
    82 | D:1      | Reached skill level 2 in Polearms
   497 | D:1      | Reached XP level 2. HP: 19/24 MP: 7/7
   787 | D:1      | Reached skill level 3 in Polearms
  1165 | D:1      | Reached XP level 3. HP: 22/29 MP: 8/8
  1287 | D:1      | Noticed a hellwing
  1579 | D:2      | Slain by a worm

Illustrated notes

Levels and vault maps discovered:
D:1:      dpeg_arrival_chambers_temple_mockup, layout_rooms, serial_curves,
          eino_curves_03, eino_curves_03,
          dreamdust_ecumenical_altar_sealed_demon
D:2:      layout_loops_ring, kennysheep_generic_room_8

Skill      XL: |  1  2 |
---------------+-------+-----
Polearms       | 2 3 |  3.6
Fighting       | |  1.7
Throwing       | |  0.8
Armour         | |  0.8
Dodging        | |  1.7
Spellcasting   | |  1.7
Translocations | |  2.6

Action                   || total
-------------------------++-------
Melee: Spear             ||   171
       Punch             ||     2
Throw: Stone             ||     4
       Dart              ||     2
 Stab: Sleeping          ||     2
Armor: Leather armour    ||    34
Dodge: Dodged            ||    61

Table legend: (Time is in decaauts)
 A = Elapsed time spent in this place.
 B = Non-inter-level travel time spent in this place.
 C = Inter-level travel time spent in this place.
 D = Time resting spent in this place.
 E = Time spent auto-exploring this place.
 F = Levels seen in this place.
 G = Mean time per level.
                   A        B        C        D        E       F      G
               +--------+--------+--------+--------+--------+-----+--------+
         Total |   1572 |   1565 |      7 |    427 |    744 |   2 |  786.0 |
       Dungeon |   1572 |   1565 |      7 |    427 |    744 |   2 |  786.0 |
               +--------+--------+--------+--------+--------+-----+--------+

Top non-repeatable levels by time:
     D:1: 1378 daAuts
     D:2: 193 daAuts
